 Dungeon Sprint DCSS version 0.30.1-11-g7821555f0a (webtiles) character file.

Game seed: 16195178230972561802

14 Groucho the Shooter (level 2, -1/16 HPs)
             Began as a Spriggan Hunter on Oct 31, 2023.
             Was a Believer of Qazlal.
             Slain by a water moccasin (7 damage)
             ... in the Dungeon (Sprint VII: "The Pits").
             The game lasted 00:01:51 (264 turns).

Groucho the Shooter (Spriggan Hunter)                Turns: 264, Time: 00:01:51

Health: -1/16      AC:  2    Str:  7    XL:     2   Next: 31%
Magic:  3/3        EV: 19    Int: 10    God:    Qazlal [**....]
Gold:   0          SH:  2    Dex: 18    Spells: 1/1 levels left

rFire   . . .        a - +0 shortbow
rCold   . . .        (shield currently unavailable)
rNeg    . . .        c - +0 robe
rPois   .            (helmet restricted)
rElec   .            (no cloak)
rCorr   .            (gloves unavailable)
SInv    +            (boots unavailable)
Will    .....        (no amulet)
Stlth   ++           (no ring)
HPRegen 0.22/turn    (no ring)
MPRegen 0.08/turn

%: no teleportation
@: lethally poisoned (-1 -> -9), very quick
A: very small, no large weapons, unfitting armour, see invisible, speed 3
a: Renounce Religion, Upheaval


You were in the Dungeon.
You worshipped Qazlal.
Qazlal was pleased with you.
You visited 1 branch

Inventory:

Hand Weapons
 a - a +0 shortbow (weapon)
Armour
 c - a +0 robe (worn)
Scrolls
 b - a scroll of immolation
 i - a scroll of blinking
 k - 5 scrolls of amnesia
 l - a scroll of summoning
Potions
 e - a potion of heal wounds
 f - a potion of haste
 g - 4 potions of magic
 h - 3 potions of berserk rage
 j - 2 potions of invisibility


   Skills:
 + Level 2.4 Fighting
 * Level 5.2 Ranged Weapons
 + Level 4.1 Dodging
 - Level 1.5 Stealth


You had one spell level left.
You didn't know any spells.
Your spell library was empty.

Dungeon Overview and Level Annotations

Branches:
Dungeon (1/1)

Altars:
Ashenzari
Cheibriados
Dithmenos
Elyvilon
Fedhas
Gozag
Hepliaklqana
Kikubaaqudgha
Makhleb
Nemelex Xobeh
Okawaru
Qazlal
Ru
Sif Muna
Trog
Uskayaw
Vehumet
Wu Jian
Xom
Yredelemnul
Zin
The Shining One
Jiyva
Lugonu


Innate Abilities, Weirdness & Mutations

You are very small and have problems with some larger weapons.
You are too small for most types of armour.
You have supernaturally acute eyesight. (SInv)
You cover ground extremely quickly. (Speed+++)


Message History

Your Dodging skill increases to level 4!
There is a shimmering blue altar of Sif Muna here.
There is a sacrificial altar of Ru here.
There is a stormy altar of Qazlal here.
There is an iron altar of Okawaru here.
You shoot an arrow. The arrow hits the jackal!
You kill the jackal!
Qazlal accepts your kill.
You shoot an arrow. The arrow hits the water moccasin.
The water moccasin is lightly wounded.
You shoot an arrow.
The arrow hits the water moccasin but does no damage.
The water moccasin is lightly wounded.
You shoot an arrow.
The arrow barely misses the water moccasin.
The water moccasin misses you.
You shoot an arrow. The arrow hits the water moccasin!
The water moccasin is heavily wounded.
The water moccasin misses you.
The water moccasin completely misses you.
You shoot an arrow. The arrow misses the water moccasin.
The water moccasin misses you.
You shoot an arrow.
The arrow closely misses the water moccasin.
The water moccasin closely misses you. The water moccasin barely misses you.
You shoot an arrow. The arrow hits the water moccasin.
The water moccasin is heavily wounded.
The water moccasin bites you.
You are lethally poisoned!
The water moccasin poisons you! The water moccasin barely misses you.
You shoot an arrow. The arrow hits the water moccasin.
The water moccasin is heavily wounded.
You feel very sick. The water moccasin misses you.
The water moccasin completely misses you.
You shoot an arrow. The arrow hits the water moccasin!
The water moccasin is severely wounded.
You feel very sick. The water moccasin bites you!
You die...

############
#_____☼___.#
#___°@S___.#
#_______.†.###########
##########'##.........
#.?(.')))'.##......#..
##########.##.........
#...........+S†.......
#+#####h#####......#..
#..#..#..##.........
#..Jh.'..#####'#####


You could see a water moccasin.

Vanquished Creatures
  An ufetubus (D)
  An orc (D)
  A bat (D)
  3 jackals (D)
  A kobold (D)
  A rat (D)
8 creatures vanquished.

Notes
Turn   | Place    | Note
-------+----------+-------------------------------------------
     0 | D        | Groucho the Spriggan Hunter began the quest for the Orb.
     0 | D        | Reached XP level 1. HP: 10/10 MP: 2/2
    45 | D        | Found a bloodstained altar of Trog.
    45 | D        | Found a shimmering blue altar of Sif Muna.
    45 | D        | Found a viscous altar of Jiyva.
    45 | D        | Found a hazy altar of Hepliaklqana.
    45 | D        | Found an opulent altar of Gozag.
    46 | D        | Found a glowing golden altar of the Shining One.
    46 | D        | Found a glowing silver altar of Zin.
    46 | D        | Found a basalt altar of Yredelemnul.
    46 | D        | Found a shimmering altar of Xom.
    46 | D        | Found an ornate altar of the Wu Jian Council.
    46 | D        | Found a sacrificial altar of Ru.
    46 | D        | Found a stormy altar of Qazlal.
    46 | D        | Found an iron altar of Okawaru.
    46 | D        | Found a sparkling altar of Nemelex Xobeh.
    46 | D        | Found a burning altar of Makhleb.
    46 | D        | Found a blossoming altar of Fedhas.
    46 | D        | Found a white marble altar of Elyvilon.
    46 | D        | Found a shadowy altar of Dithmenos.
    46 | D        | Found a snail-covered altar of Cheibriados.
    47 | D        | Found a radiant altar of Vehumet.
    47 | D        | Found a corrupted altar of Lugonu.
    48 | D        | Found an ancient bone altar of Kikubaaqudgha.
    48 | D        | Found a hide-covered altar of Uskayaw.
    48 | D        | Found a broken altar of Ashenzari.
    56 | D        | Became a worshipper of Qazlal Stormbringer
   226 | D        | Reached * piety under Qazlal
   228 | D        | Reached skill level 5 in Ranged Weapons
   228 | D        | Reached XP level 2. HP: 16/16 MP: 3/3
   233 | D        | Noticed a water moccasin
   251 | D        | Reached ** piety under Qazlal
   264 | D        | Slain by a water moccasin

Illustrated notes

Levels and vault maps discovered:
D:        pitsprint [storerooms_1, entrance_room_1, metal_vault_3, armoury_2,
          mini_pit_1, grid_room_1, main_hall_1, silver_pit, the_coven_1,
          the_vestibule_1, steel_vault_3, golden_pit, hallway_of_sentries,
          crystal_vault_5, iron_vault_1, final_vault]

Skill      XL: |  1  2 |
---------------+-------+-----
Dodging        | 3 4 |  4.1
Fighting       | 2 |  2.4
Ranged Weapons | 5 |  5.2
Stealth        | |  1.5

Action                     || total
---------------------------++-------
   Fire: Shortbow          ||    28
    Use: Potion            ||     1
 Armour: Robe              ||     3
  Dodge: Dodged            ||    25
